 Dungeon Crawl Stone Soup version 0.29.1-15-g9cfb28693d (webtiles) character file.

Game seed: 13614246093902703477

2 javelincjr the Caller (level 1, 0/13 HPs)
             Began as a Gnoll Summoner on Apr 17, 2023.
             Slain by a dart slug (1 damage)
             ... on level 1 of the Dungeon.
             The game lasted 00:00:25 (75 turns).

javelincjr the Caller (Gnoll Summoner)                Turns: 75, Time: 00:00:26

Health: 0/13       AC:  2    Str:  7    XL:     1   Next: 30%
Magic:  6/6        EV: 13    Int: 14    God:
Gold:   0          SH:  0    Dex: 12    Spells: 8/9 levels left

rFire   . . .      SeeInvis .   (no weapon)
rCold   . . .      Faith    .   (no shield)
rNeg    . . .      Spirit   .   a - +0 robe
rPois   .          Reflect  .   (no helmet)
rElec   .          Harm     .   (no cloak)
rCorr   .          Rampage  .   (no gloves)
Will    .....                   (no boots)
Stlth   ++........              (no amulet)
HPRegen 0.04/turn               (no ring)
MPRegen 0.10/turn               (no ring)

@: no status effects
A: fangs 1, strong nose, distributed training
a: no special abilities


You were on level 1 of the Dungeon.
You visited 1 branch of the dungeon, and saw 1 of its levels.

Inventory:

Armour
 a - a +0 robe (worn)
Potions
 b - a potion of magic


   Skills:
 + Level 0.0 Fighting
 + Level 0.0 Short Blades
 + Level 0.0 Long Blades
 + Level 0.0 Axes
 + Level 0.0 Maces & Flails
 + Level 0.0 Polearms
 + Level 0.0 Staves
 + Level 0.0 Ranged Weapons
 + Level 0.0 Throwing
 + Level 0.0 Armour
 + Level 4.4 Dodging
 + Level 4.0 Stealth
 + Level 0.0 Shields
 + Level 0.0 Unarmed Combat
 + Level 4.8 Spellcasting
 + Level 0.0 Conjurations
 + Level 0.0 Hexes
 + Level 7.0 Summonings
 + Level 0.0 Necromancy
 + Level 0.0 Translocations
 + Level 0.0 Transmutations
 + Level 0.0 Fire Magic
 + Level 0.0 Ice Magic
 + Level 0.0 Air Magic
 + Level 0.0 Earth Magic
 + Level 0.0 Poison Magic
 + Level 0.1 Invocations
 + Level 0.0 Evocations


You had 8 spell levels left.
You knew the following spells:

 Your Spells              Type           Power      Damage    Failure   Level
a - Summon Small Mammal   Summ           92%        N/A       1%          1

Your spell library contained the following spells:

 Spells                   Type           Power      Damage    Failure   Level
 Call Imp                 Summ           23%        N/A       1%          2
 Call Canine Familiar     Summ           23%        N/A       3%          3
 Summon Guardian Golem    Hex/Summ       13%        N/A       12%         3
 Summon Lightning Spire   Summ/Air       13%        N/A       38%         4


Dungeon Overview and Level Annotations

Branches:
Dungeon (1/15)

Altars:


Innate Abilities, Weirdness & Mutations

You have very sharp teeth.
Your uncanny sense of smell can sniff out nearby items.
Your experience applies equally to all skills.


Message History

Your quokka bites the ball python.
The ball python closely misses you. The ball python grabs you.
The ball python constricts you.
Your rat barely misses the ball python.
You hit the ball python.
You kill the ball python!
You swap places.
You see here a ball python corpse.
A ball python comes into view.
A goblin comes into view. It is wielding a +0 club.
A dart slug comes into view.
Found a leather armour.
A kobold comes into view. It is wielding a +0 short sword.
The kobold shouts!
You hear a shout!
The ball python bites you. The ball python barely misses you.
The kobold moves out of view.
You barely miss the ball python. The ball python closely misses you.
The ball python grabs you. The ball python constricts you.
Your quokka closely misses the ball python.
The goblin closely misses your quokka. The ball python closely misses you.
The ball python constricts you.
You barely miss the ball python.
Your quokka bites the ball python.
The ball python dies!
Your rat closely misses the goblin.
The goblin hits your quokka with a +0 club.
Your quokka disappears in a puff of smoke!
The goblin barely misses you.
Your rat barely misses the goblin.
You barely miss the goblin. The goblin hits you with a +0 club.
Your rat barely misses the goblin.
You closely miss the goblin. The dart slug bites you.
A kobold comes into view. It is wielding a +0 short sword.
Your rat misses the goblin. The goblin closely misses you.
You hit the goblin. Your bite misses the goblin.
The goblin is moderately wounded.
Your rat bites the goblin.
The kobold closely misses you. The goblin hits you with a +0 club.
* * * LOW HITPOINT WARNING * * *
You hit the goblin.
The goblin is severely wounded.
The dart slug bites you.
You die...

#### . ...#..
##########...K.
.........#.....
#...w@K.# #...g...#
#....r..# #...[...#
######.#..#
#.#..#########
#.#..........# #
####.#..#######.#
#.#....#..#.....#.####


You could see a dart slug, a goblin (ally target), 2 kobolds and a friendly rat
(summoned).

Vanquished Creatures
  A ball python (D:1)
1 creature vanquished.

Vanquished Creatures (collateral kills)
  A ball python (D:1)
1 creature vanquished.

Grand Total: 2 creatures vanquished

Notes
Turn   | Place    | Note
-------+----------+-------------------------------------------
     0 | D:1      | javelincjr the Gnoll Summoner began the quest for the Orb.
     0 | D:1      | Reached XP level 1. HP: 13/13 MP: 6/6
    75 | D:1      | Slain by a dart slug

Illustrated notes

Levels and vault maps discovered:
D:1:      ebering_hopf_link, layout_basic

Action                   || total
-------------------------++-------
Melee: Unarmed           ||     9
 Cast: Summon Small Mamm ||     2
Armor: Robe              ||     1
Dodge: Dodged            ||     9
